[ AOE2 MATCH · #474237262 ]
UnrankedBohemians vs Turks
[ REPLAY ANALYSIS · EXTRACTED FROM THE RECORDED GAME ]
Feudal
10:05
Castle
17:12
Imperial
41:39
| APM avg | 17.3 |
| APM peak | 124 |
| eAPM avg | 7.0 |
| Villagers / military | 127 / 120 |
Focus
⚔️ 23.5% · 🌾 76.5%
Scout Cavalry ×55 · Archer ×25 · Hussite Wagon ×15 · Hand Cannoneer ×15 · Knight ×6 · Battering Ram ×3
Feudal
10:55
Castle
17:58
Imperial
27:30
| APM avg | 33.8 |
| APM peak | 119 |
| eAPM avg | 15.3 |
| Villagers / military | 167 / 295 |
Focus
⚔️ 29.5% · 🌾 70.5%
Scout Cavalry ×188 · Hand Cannoneer ×81 · Bombard Cannon ×24 · Archer ×2
Feudal
12:30
Castle
17:41
Imperial
31:58
| APM avg | 23.2 |
| APM peak | 120 |
| eAPM avg | 12.3 |
| Villagers / military | 204 / 181 |
Focus
⚔️ 20.7% · 🌾 79.3%
Cavalry Archer ×111 · Skirmisher ×65 · Battering Ram ×3 · Trebuchet (Packed) ×2
Feudal
14:29
Castle
20:13
Imperial
47:14
| APM avg | 26.9 |
| APM peak | 91 |
| eAPM avg | 18.2 |
| Villagers / military | 107 / 165 |
Focus
⚔️ 25.8% · 🌾 74.2%
Spearman ×48 · Scout Cavalry ×40 · Skirmisher ×36 · Battle Elephant ×15 · Unknown (882) ×11 · Battering Ram ×10
Feudal
—
Castle
—
Imperial
—
| APM avg | 18.0 |
| APM peak | 53 |
| eAPM avg | 13.8 |
| Villagers / military | 110 / 370 |
Focus
⚔️ 36.1% · 🌾 63.9%
Scout Cavalry ×174 · Knight ×72 · Konnik ×70 · Scorpion ×33 · Trebuchet (Packed) ×11 · Trade Cart ×9
Feudal
11:44
Castle
17:18
Imperial
30:10
| APM avg | 23.3 |
| APM peak | 52 |
| eAPM avg | 17.3 |
| Villagers / military | 186 / 244 |
Focus
⚔️ 36.9% · 🌾 63.1%
Genoese Crossbowman ×104 · Scout Cavalry ×97 · Unknown (882) ×71 · Bombard Cannon ×20 · Spearman ×11 · Hand Cannoneer ×6
Feudal
10:59
Castle
14:30
Imperial
27:32
| APM avg | 17.6 |
| APM peak | 30 |
| eAPM avg | 11.6 |
| Villagers / military | 125 / 333 |
Focus
⚔️ 36.8% · 🌾 63.2%
Militia ×165 · Spearman ×124 · Bombard Cannon ×22 · Trebuchet (Packed) ×19 · Monk ×3
Feudal
11:25
Castle
16:26
Imperial
30:12
| APM avg | 33.9 |
| APM peak | 73 |
| eAPM avg | 25.5 |
| Villagers / military | 147 / 81 |
Focus
⚔️ 61.9% · 🌾 38.1%
Unknown (882) ×390 · Unknown (1920) ×97 · Battering Ram ×57 · Spearman ×17 · Monk ×6 · Militia ×1
Match map
Initial resources + every placement click. Lines = walls · curves = elevation contours. ◆ gold · ⬟ stone · ● berries · ✦ relic · ◌ wall gap
Your base· ✓ Closed at 17:12 · 0t walls · 2 gate(s)
Garden_niu_ye_ye's base· ✓ Closed at 17:58 · 0t walls · 2 gate(s)
1347398690's base· ✓ Closed at 17:41 · 0t walls · 3 gate(s)
Mauroxtraceur's base· ✓ Closed at 20:13 · 0t walls · 2 gate(s)
Ericko04's base· ✓ Closed at 15:33 · 0t walls · 2 gate(s)
Robert_Kan's base· ✓ Closed at 17:18 · 0t walls · 2 gate(s)
83716497273's base· ✓ Closed at 14:30 · 0t walls · 3 gate(s)
jairo's base· ✓ Closed at 16:26 · 0t walls · 2 gate(s)
Smoothed initial terrain · ◌ = detected wall gap · hover for details
Inputs per minute
— Mar strong - - Garden_niu_ye_ye
Build order — Mar strong
First 150 of 317 actions detected
| 0:01 | Create | Villager (Male) |
| 0:01 | Create | Villager (Male) |
| 0:02 | Create | Villager (Male) |
| 0:02 | Create | Villager (Male) |
| 0:02 | Create | Villager (Male) |
| 0:05 | Build | House |
| 0:07 | Build | House |
| 1:44 | Create | Villager (Male) |
| 1:45 | Create | Villager (Male) |
| 1:45 | Create | Villager (Male) |
| 2:17 | Create | Villager (Male) |
| 2:17 | Create | Villager (Male) |
| 2:18 | Create | Villager (Male) |
| 2:43 | Build | Lumber Camp |
| 2:50 | Create | Villager (Male) |
| 2:50 | Create | Villager (Male) |
| 2:50 | Create | Villager (Male) |
| 2:50 | Create | Villager (Male) |
| 3:45 | Create | Villager (Male) |
| 3:45 | Create | Villager (Male) |
| 3:45 | Create | Villager (Male) |
| 3:45 | Create | Villager (Male) |
| 3:54 | Create | Villager (Male) |
| 3:54 | Create | Villager (Male) |
| 3:55 | Create | Villager (Male) |
| 3:55 | Create | Villager (Male) |
| 4:16 | Build | House |
| 4:42 | Create | Villager (Male) |
| 4:42 | Create | Villager (Male) |
| 4:42 | Create | Villager (Male) |
| 4:42 | Create | Villager (Male) |
| 4:47 | Build | House |
| 5:00 | Create | Villager (Male) |
| 5:00 | Create | Villager (Male) |
| 5:00 | Create | Villager (Male) |
| 5:01 | Create | Villager (Male) |
| 6:29 | Build | Mill |
| 6:33 | Create | Villager (Male) |
| 6:33 | Create | Villager (Male) |
| 7:10 | Create | Villager (Male) |
| 7:49 | Research | Feudal Age |
| 7:54 | Build | Mining Camp |
| 8:24 | Build | House |
| 8:30 | Build | House |
| 8:32 | Build | House |
| 8:36 | Build | House |
| 9:15 | Create | Villager (Male) |
| 9:15 | Create | Villager (Male) |
| 9:16 | Create | Villager (Male) |
| 10:05 | Age | Feudal Age |
| 10:13 | Build | Blacksmith |
| 10:52 | Build | Market |
| 11:01 | Build | Farm |
| 11:05 | Build | Farm |
| 11:08 | Create | Villager (Male) |
| 11:55 | Create | Villager (Male) |
| 11:55 | Create | Villager (Male) |
| 11:59 | Build | Farm |
| 12:01 | Create | Villager (Male) |
| 12:04 | Build | Farm |
| 12:24 | Create | Villager (Male) |
| 12:27 | Build | Farm |
| 12:49 | Build | Farm |
| 12:56 | Build | Farm |
| 13:26 | Build | Farm |
| 13:39 | Build | Farm |
| 13:41 | Create | Villager (Male) |
| 13:51 | Build | Mining Camp |
| 14:07 | Create | Villager (Male) |
| 14:13 | Build | Farm |
| 14:26 | Research | Castle Age |
| 14:46 | Build | Farm |
| 15:31 | Build | Barracks |
| 16:18 | Create | Villager (Male) |
| 16:18 | Create | Villager (Male) |
| 16:18 | Create | Villager (Male) |
| 17:12 | Age | Castle Age |
| 17:19 | Create | Villager (Male) |
| 17:25 | Build | Town Center |
| 17:50 | Build | Town Center |
| 18:02 | Create | Villager (Male) |
| 18:53 | Create | Villager (Male) |
| 18:58 | Create | Villager (Male) |
| 18:59 | Create | Villager (Male) |
| 18:59 | Create | Villager (Male) |
| 18:59 | Create | Villager (Male) |
| 19:22 | Create | Villager (Male) |
| 19:22 | Create | Villager (Male) |
| 19:44 | Create | Villager (Male) |
| 19:50 | Research | Wheelbarrow |
| 20:10 | Research | Loom |
| 20:12 | Create | Villager (Male) |
| 20:12 | Create | Villager (Male) |
| 20:20 | Create | Villager (Male) |
| 20:20 | Create | Villager (Male) |
| 20:24 | Create | Villager (Male) |
| 20:24 | Create | Villager (Male) |
| 20:25 | Create | Villager (Male) |
| 20:31 | Build | Farm |
| 20:31 | Build | Farm |
| 20:32 | Build | Farm |
| 21:04 | Build | Castle |
| 21:16 | Create | Villager (Male) |
| 21:16 | Create | Villager (Male) |
| 21:18 | Create | Villager (Male) |
| 21:18 | Create | Villager (Male) |
| 21:19 | Create | Villager (Male) |
| 21:20 | Create | Villager (Male) |
| 21:26 | Build | Farm |
| 21:26 | Build | Farm |
| 21:26 | Build | Farm |
| 21:27 | Build | Farm |
| 21:28 | Build | Farm |
| 21:31 | Research | Double-Bit Axe |
| 21:46 | Build | Farm |
| 21:53 | Create | Villager (Male) |
| 22:03 | Research | Horse Collar |
| 22:32 | Build | House |
| 22:33 | Build | House |
| 22:36 | Build | House |
| 22:38 | Build | House |
| 22:39 | Build | House |
| 22:53 | Build | Mining Camp |
| 23:13 | Build | Monastery |
| 23:16 | Create | Villager (Male) |
| 23:16 | Create | Villager (Male) |
| 23:17 | Create | Villager (Male) |
| 23:19 | Create | Villager (Male) |
| 23:19 | Create | Villager (Male) |
| 23:19 | Create | Villager (Male) |
| 23:19 | Create | Villager (Male) |
| 23:20 | Create | Villager (Male) |
| 23:23 | Create | Villager (Male) |
| 23:23 | Create | Villager (Male) |
| 23:24 | Create | Villager (Male) |
| 23:24 | Create | Villager (Male) |
| 23:51 | Build | Siege Workshop |
| 23:57 | Create | Hussite Wagon |
| 24:20 | Research | Town Watch |
| 24:25 | Research | Hand Cart |
| 24:32 | Create | Villager (Male) |
| 24:32 | Create | Villager (Male) |
| 24:34 | Create | Villager (Male) |
| 24:35 | Create | Villager (Male) |
| 24:41 | Create | Battering Ram |
| 24:47 | Create | Hussite Wagon |
| 24:56 | Create | Hussite Wagon |
| 25:01 | Create | Villager (Male) |
| 25:01 | Create | Villager (Male) |
| 25:02 | Create | Villager (Male) |
Build order — Garden_niu_ye_ye
First 150 of 503 actions detected
| 0:03 | Build | House |
| 0:04 | Build | House |
| 0:05 | Create | Villager (Male) |
| 0:05 | Create | Villager (Male) |
| 0:05 | Create | Villager (Male) |
| 0:06 | Create | Villager (Male) |
| 1:32 | Create | Villager (Male) |
| 2:20 | Create | Villager (Male) |
| 2:20 | Create | Villager (Male) |
| 2:21 | Create | Villager (Male) |
| 2:31 | Create | Villager (Male) |
| 2:31 | Create | Villager (Male) |
| 3:03 | Build | Lumber Camp |
| 3:47 | Create | Villager (Male) |
| 3:48 | Create | Villager (Male) |
| 3:48 | Create | Villager (Male) |
| 4:13 | Build | House |
| 4:37 | Create | Villager (Male) |
| 4:55 | Create | Villager (Male) |
| 5:33 | Build | House |
| 5:42 | Create | Villager (Male) |
| 6:25 | Build | Mill |
| 6:40 | Create | Villager (Male) |
| 6:40 | Create | Villager (Male) |
| 7:13 | Create | Villager (Male) |
| 7:21 | Create | Villager (Male) |
| 7:38 | Create | Villager (Male) |
| 8:24 | Build | House |
| 8:33 | Research | Feudal Age |
| 8:51 | Build | Mining Camp |
| 9:00 | Build | Farm |
| 9:14 | Create | Villager (Male) |
| 9:15 | Create | Villager (Male) |
| 9:53 | Build | Lumber Camp |
| 9:59 | Build | Farm |
| 10:12 | Create | Villager (Male) |
| 10:24 | Build | Farm |
| 10:43 | Build | Farm |
| 10:55 | Age | Feudal Age |
| 10:56 | Research | Double-Bit Axe |
| 11:08 | Research | Horse Collar |
| 11:25 | Create | Villager (Male) |
| 11:32 | Build | House |
| 11:42 | Create | Villager (Male) |
| 12:17 | Build | Blacksmith |
| 12:42 | Build | Market |
| 13:02 | Build | Farm |
| 13:07 | Create | Villager (Male) |
| 13:16 | Create | Villager (Male) |
| 13:22 | Build | Farm |
| 13:30 | Create | Villager (Male) |
| 14:17 | Create | Villager (Male) |
| 14:22 | Build | Farm |
| 14:34 | Create | Villager (Male) |
| 14:45 | Build | Farm |
| 14:51 | Build | House |
| 15:13 | Build | Farm |
| 15:18 | Research | Castle Age |
| 15:18 | Research | Castle Age |
| 15:25 | Build | Farm |
| 15:30 | Build | Farm |
| 15:41 | Build | Barracks |
| 16:07 | Build | Farm |
| 16:11 | Build | Farm |
| 16:21 | Build | Farm |
| 16:30 | Research | Gold Mining |
| 16:34 | Create | Villager (Male) |
| 16:39 | Research | Wheelbarrow |
| 16:39 | Create | Villager (Male) |
| 16:43 | Create | Villager (Male) |
| 16:43 | Create | Villager (Male) |
| 16:54 | Build | Stable |
| 17:52 | Build | Archery Range |
| 17:58 | Age | Castle Age |
| 18:16 | Build | Town Center |
| 18:34 | Create | Villager (Male) |
| 18:34 | Create | Villager (Male) |
| 18:37 | Build | Farm |
| 18:48 | Research | Husbandry |
| 19:14 | Build | Farm |
| 19:16 | Build | Farm |
| 19:18 | Create | Villager (Male) |
| 19:18 | Create | Villager (Male) |
| 19:36 | Create | Villager (Male) |
| 19:42 | Build | Farm |
| 19:51 | Create | Villager (Male) |
| 19:51 | Create | Villager (Male) |
| 19:51 | Create | Villager (Male) |
| 19:52 | Create | Villager (Male) |
| 19:52 | Create | Villager (Male) |
| 19:52 | Create | Villager (Male) |
| 19:53 | Create | Villager (Male) |
| 19:53 | Create | Villager (Male) |
| 20:07 | Build | Farm |
| 20:22 | Research | Heavy Plow |
| 20:35 | Build | Farm |
| 20:43 | Build | Farm |
| 20:48 | Create | Villager (Male) |
| 20:49 | Create | Villager (Male) |
| 20:56 | Build | Farm |
| 21:01 | Create | Villager (Male) |
| 21:13 | Build | House |
| 21:24 | Build | Farm |
| 21:30 | Research | Wheelbarrow |
| 21:40 | Create | Villager (Male) |
| 21:40 | Create | Villager (Male) |
| 21:50 | Build | Mill |
| 22:01 | Build | Farm |
| 22:35 | Build | Monastery |
| 22:47 | Build | University |
| 23:00 | Build | House |
| 23:06 | Build | House |
| 23:11 | Build | House |
| 23:16 | Create | Villager (Male) |
| 23:18 | Create | Villager (Male) |
| 23:18 | Create | Villager (Male) |
| 23:31 | Build | Farm |
| 23:35 | Build | Farm |
| 23:49 | Research | Gold Shaft Mining |
| 24:06 | Research | Imperial Age |
| 24:06 | Research | Imperial Age |
| 24:10 | Build | Farm |
| 24:16 | Research | Ballistics |
| 24:32 | Build | Farm |
| 24:32 | Build | Farm |
| 24:44 | Create | Villager (Male) |
| 24:44 | Create | Villager (Male) |
| 24:44 | Create | Villager (Male) |
| 24:44 | Create | Villager (Male) |
| 24:50 | Build | Mining Camp |
| 25:02 | Create | Villager (Male) |
| 25:02 | Create | Villager (Male) |
| 25:25 | Build | Siege Workshop |
| 25:30 | Build | Archery Range |
| 25:51 | Research | Bloodlines |
| 25:53 | Research | Scale Barding Armor |
| 25:54 | Research | Forging |
| 25:57 | Create | Villager (Male) |
| 26:03 | Research | Stone Mining |
| 26:21 | Build | House |
| 26:23 | Build | House |
| 26:24 | Build | House |
| 26:37 | Build | Archery Range |
| 26:40 | Build | Siege Workshop |
| 26:48 | Research | Chain Barding Armor |
| 26:48 | Research | Iron Casting |
| 26:57 | Research | Fletching |
| 27:01 | Create | Villager (Male) |
| 27:01 | Create | Villager (Male) |
| 27:10 | Build | Farm |
Build order — 1347398690
First 150 of 439 actions detected
| 0:15 | Create | Villager (Male) |
| 0:15 | Create | Villager (Male) |
| 0:15 | Create | Villager (Male) |
| 0:15 | Create | Villager (Male) |
| 0:16 | Create | Villager (Male) |
| 0:19 | Build | House |
| 0:20 | Build | House |
| 0:20 | Build | House |
| 0:22 | Build | House |
| 0:24 | Build | House |
| 0:25 | Build | House |
| 2:06 | Create | Villager (Male) |
| 2:07 | Create | Villager (Male) |
| 2:07 | Create | Villager (Male) |
| 2:50 | Create | Villager (Male) |
| 2:51 | Create | Villager (Male) |
| 2:51 | Create | Villager (Male) |
| 3:28 | Create | Villager (Male) |
| 3:28 | Create | Villager (Male) |
| 3:34 | Create | Villager (Male) |
| 3:35 | Create | Villager (Male) |
| 4:04 | Create | Villager (Male) |
| 4:05 | Create | Villager (Male) |
| 4:30 | Create | Villager (Male) |
| 4:31 | Create | Villager (Male) |
| 4:31 | Create | Villager (Male) |
| 4:32 | Create | Villager (Male) |
| 5:09 | Create | Villager (Male) |
| 5:09 | Create | Villager (Male) |
| 5:34 | Create | Villager (Male) |
| 5:34 | Create | Villager (Male) |
| 5:34 | Create | Villager (Male) |
| 6:33 | Build | Lumber Camp |
| 6:36 | Create | Villager (Male) |
| 6:38 | Create | Villager (Male) |
| 6:38 | Create | Villager (Male) |
| 7:13 | Create | Villager (Male) |
| 7:13 | Create | Villager (Male) |
| 7:13 | Create | Villager (Male) |
| 7:40 | Create | Villager (Male) |
| 7:41 | Create | Villager (Male) |
| 8:05 | Build | Mill |
| 8:07 | Create | Villager (Male) |
| 8:44 | Build | Farm |
| 9:02 | Build | Farm |
| 9:07 | Build | Farm |
| 9:11 | Create | Villager (Male) |
| 9:35 | Build | Lumber Camp |
| 9:38 | Research | Feudal Age |
| 9:38 | Research | Feudal Age |
| 9:48 | Create | Villager (Male) |
| 9:48 | Create | Villager (Male) |
| 9:49 | Create | Villager (Male) |
| 9:49 | Create | Villager (Male) |
| 10:08 | Build | Farm |
| 10:30 | Build | Farm |
| 10:52 | Build | Mining Camp |
| 11:04 | Build | Farm |
| 11:11 | Build | Farm |
| 11:23 | Build | Farm |
| 11:33 | Build | Farm |
| 11:44 | Create | Villager (Male) |
| 11:48 | Create | Villager (Male) |
| 11:53 | Create | Villager (Male) |
| 12:30 | Age | Feudal Age |
| 12:50 | Build | Market |
| 12:58 | Research | Double-Bit Axe |
| 12:58 | Research | Double-Bit Axe |
| 13:21 | Build | Blacksmith |
| 13:25 | Create | Villager (Male) |
| 14:25 | Build | House |
| 14:27 | Build | House |
| 14:58 | Research | Castle Age |
| 14:59 | Research | Castle Age |
| 15:06 | Build | House |
| 15:08 | Build | House |
| 15:16 | Build | House |
| 15:20 | Build | House |
| 15:28 | Create | Villager (Male) |
| 15:29 | Create | Villager (Male) |
| 15:29 | Create | Villager (Male) |
| 15:29 | Create | Villager (Male) |
| 15:30 | Create | Villager (Male) |
| 16:02 | Create | Villager (Male) |
| 16:02 | Create | Villager (Male) |
| 16:03 | Create | Villager (Male) |
| 16:11 | Research | Horse Collar |
| 17:09 | Create | Villager (Male) |
| 17:29 | Build | House |
| 17:30 | Build | House |
| 17:41 | Age | Castle Age |
| 17:45 | Create | Villager (Male) |
| 17:55 | Build | Town Center |
| 18:02 | Build | Town Center |
| 18:24 | Build | Town Center |
| 18:55 | Build | Farm |
| 18:58 | Create | Villager (Male) |
| 19:10 | Build | Farm |
| 19:10 | Build | Farm |
| 19:10 | Build | Farm |
| 19:11 | Build | Farm |
| 19:11 | Build | Farm |
| 19:12 | Build | Farm |
| 19:13 | Build | Farm |
| 19:19 | Create | Villager (Male) |
| 19:21 | Create | Villager (Male) |
| 19:22 | Create | Villager (Male) |
| 19:23 | Create | Villager (Male) |
| 19:23 | Create | Villager (Male) |
| 19:23 | Create | Villager (Male) |
| 19:25 | Create | Villager (Male) |
| 19:25 | Create | Villager (Male) |
| 19:27 | Create | Villager (Male) |
| 19:28 | Create | Villager (Male) |
| 19:28 | Create | Villager (Male) |
| 19:29 | Create | Villager (Male) |
| 19:30 | Create | Villager (Male) |
| 19:47 | Build | House |
| 19:48 | Build | House |
| 19:49 | Build | House |
| 19:50 | Build | House |
| 19:51 | Create | Villager (Male) |
| 20:14 | Build | Farm |
| 20:20 | Build | Farm |
| 20:22 | Create | Villager (Male) |
| 20:23 | Create | Villager (Male) |
| 20:23 | Create | Villager (Male) |
| 20:24 | Create | Villager (Male) |
| 20:24 | Create | Villager (Male) |
| 20:32 | Build | Farm |
| 20:36 | Build | Farm |
| 20:43 | Build | Farm |
| 20:44 | Create | Villager (Male) |
| 20:47 | Create | Villager (Male) |
| 20:50 | Create | Villager (Male) |
| 20:50 | Create | Villager (Male) |
| 20:59 | Create | Villager (Male) |
| 20:59 | Create | Villager (Male) |
| 20:59 | Create | Villager (Male) |
| 21:10 | Build | Farm |
| 21:14 | Build | House |
| 21:15 | Build | House |
| 21:16 | Build | House |
| 21:17 | Build | House |
| 21:18 | Build | House |
| 21:20 | Create | Villager (Male) |
| 21:20 | Create | Villager (Male) |
| 21:21 | Create | Villager (Male) |
| 21:24 | Create | Villager (Male) |
| 21:24 | Create | Villager (Male) |
Build order — Mauroxtraceur
First 150 of 512 actions detected
| 0:05 | Build | House |
| 0:06 | Build | House |
| 0:10 | Build | House |
| 0:17 | Create | Villager (Male) |
| 0:17 | Create | Villager (Male) |
| 0:17 | Create | Villager (Male) |
| 0:17 | Create | Villager (Male) |
| 0:18 | Create | Villager (Male) |
| 0:55 | Research | Loom |
| 1:50 | Create | Villager (Male) |
| 2:26 | Create | Villager (Male) |
| 2:53 | Build | Lumber Camp |
| 2:57 | Create | Villager (Male) |
| 2:57 | Create | Villager (Male) |
| 3:41 | Create | Villager (Male) |
| 4:14 | Create | Villager (Male) |
| 4:17 | Create | Villager (Male) |
| 4:58 | Build | Lumber Camp |
| 5:05 | Create | Villager (Male) |
| 5:32 | Create | Villager (Male) |
| 6:06 | Create | Villager (Male) |
| 6:32 | Create | Villager (Male) |
| 7:17 | Build | Farm |
| 7:19 | Build | Farm |
| 7:22 | Build | Farm |
| 7:30 | Build | Farm |
| 7:31 | Build | Farm |
| 7:51 | Build | Mill |
| 7:56 | Create | Villager (Male) |
| 7:56 | Create | Villager (Male) |
| 8:02 | Build | House |
| 8:03 | Build | House |
| 8:05 | Build | House |
| 8:57 | Create | Villager (Male) |
| 8:57 | Create | Villager (Male) |
| 9:22 | Build | House |
| 9:23 | Build | House |
| 9:48 | Create | Villager (Male) |
| 10:40 | Create | Villager (Male) |
| 11:26 | Build | Mining Camp |
| 11:29 | Create | Villager (Male) |
| 11:29 | Create | Villager (Male) |
| 12:01 | Research | Feudal Age |
| 12:34 | Build | Farm |
| 12:36 | Build | Farm |
| 12:38 | Build | Farm |
| 12:40 | Build | Farm |
| 12:42 | Build | Farm |
| 12:43 | Build | Farm |
| 13:06 | Build | House |
| 13:06 | Build | House |
| 13:08 | Build | House |
| 13:52 | Build | Barracks |
| 14:29 | Age | Feudal Age |
| 14:54 | Build | Market |
| 14:57 | Research | Horse Collar |
| 15:03 | Create | Villager (Male) |
| 15:03 | Create | Villager (Male) |
| 15:03 | Create | Villager (Male) |
| 15:03 | Create | Villager (Male) |
| 15:04 | Create | Villager (Male) |
| 15:04 | Create | Villager (Male) |
| 15:04 | Create | Villager (Male) |
| 15:34 | Research | Double-Bit Axe |
| 16:05 | Build | Blacksmith |
| 16:20 | Research | Castle Age |
| 17:26 | Build | Stable |
| 18:30 | Build | House |
| 18:31 | Build | House |
| 18:33 | Build | House |
| 18:34 | Build | House |
| 18:36 | Build | House |
| 18:38 | Build | House |
| 18:55 | Build | Mining Camp |
| 19:04 | Research | Scale Barding Armor |
| 19:06 | Research | Fletching |
| 19:07 | Research | Padded Archer Armor |
| 19:16 | Create | Spearman |
| 19:16 | Create | Spearman |
| 19:16 | Create | Spearman |
| 19:16 | Create | Spearman |
| 19:17 | Create | Spearman |
| 19:36 | Research | Bloodlines |
| 19:49 | Research | Scale Mail Armor |
| 19:50 | Research | Forging |
| 20:04 | Build | Lumber Camp |
| 20:13 | Age | Castle Age |
| 20:19 | Research | Pikeman (upgrade) |
| 20:20 | Research | Man-at-Arms (upgrade) |
| 20:48 | Build | Barracks |
| 21:10 | Research | Bow Saw |
| 21:32 | Research | Heavy Plow |
| 21:32 | Research | Heavy Plow |
| 21:32 | Research | Heavy Plow |
| 22:22 | Build | Town Center |
| 22:35 | Create | Villager (Male) |
| 22:36 | Create | Villager (Male) |
| 22:36 | Create | Villager (Male) |
| 22:36 | Create | Villager (Male) |
| 22:36 | Create | Villager (Male) |
| 22:37 | Create | Villager (Male) |
| 23:47 | Create | Villager (Male) |
| 23:47 | Create | Villager (Male) |
| 23:47 | Create | Villager (Male) |
| 23:47 | Create | Villager (Male) |
| 23:48 | Create | Villager (Male) |
| 24:31 | Create | Villager (Male) |
| 24:31 | Create | Villager (Male) |
| 24:31 | Create | Villager (Male) |
| 24:31 | Create | Villager (Male) |
| 24:32 | Create | Villager (Male) |
| 24:45 | Build | Siege Workshop |
| 24:52 | Research | Man-at-Arms (upgrade) |
| 25:11 | Build | Farm |
| 25:11 | Build | Farm |
| 25:12 | Build | Farm |
| 25:12 | Build | Farm |
| 25:16 | Build | Farm |
| 25:17 | Build | Farm |
| 25:20 | Build | Farm |
| 25:27 | Build | Farm |
| 25:33 | Build | Lumber Camp |
| 25:58 | Build | Farm |
| 26:00 | Build | Farm |
| 26:05 | Create | Villager (Male) |
| 26:05 | Create | Villager (Male) |
| 26:05 | Create | Villager (Male) |
| 26:06 | Create | Villager (Male) |
| 26:06 | Create | Villager (Male) |
| 26:44 | Create | Spearman |
| 26:44 | Create | Spearman |
| 26:44 | Create | Spearman |
| 26:45 | Create | Spearman |
| 26:48 | Create | Battering Ram |
| 26:48 | Create | Battering Ram |
| 27:13 | Build | Mining Camp |
| 27:32 | Build | Castle |
| 28:03 | Build | Town Center |
| 28:11 | Build | Farm |
| 28:41 | Build | Farm |
| 28:42 | Build | Farm |
| 28:42 | Build | Farm |
| 28:42 | Build | Farm |
| 28:43 | Build | Farm |
| 28:43 | Build | Farm |
| 28:43 | Build | Farm |
| 28:43 | Build | Farm |
| 28:55 | Research | Chain Barding Armor |
| 28:58 | Research | Iron Casting |
| 28:59 | Research | Chain Mail Armor |
Build order — Ericko04
First 150 of 471 actions detected
| 0:02 | Create | Villager (Male) |
| 0:02 | Create | Villager (Male) |
| 0:03 | Create | Villager (Male) |
| 0:03 | Create | Villager (Male) |
| 0:05 | Build | House |
| 0:24 | Build | House |
| 1:35 | Create | Villager (Male) |
| 1:48 | Research | Loom |
| 1:49 | Research | Loom |
| 2:15 | Create | Villager (Male) |
| 2:32 | Create | Villager (Male) |
| 2:54 | Create | Villager (Male) |
| 3:13 | Create | Villager (Male) |
| 3:33 | Build | Mill |
| 3:44 | Build | House |
| 3:52 | Create | Villager (Male) |
| 4:06 | Build | House |
| 4:12 | Create | Villager (Male) |
| 4:31 | Create | Villager (Male) |
| 4:58 | Create | Villager (Male) |
| 5:31 | Create | Villager (Male) |
| 5:49 | Create | Villager (Male) |
| 6:16 | Create | Villager (Male) |
| 6:17 | Create | Villager (Male) |
| 6:28 | Create | Villager (Male) |
| 6:44 | Build | Lumber Camp |
| 6:49 | Create | Villager (Male) |
| 6:51 | Create | Villager (Male) |
| 7:03 | Create | Villager (Male) |
| 8:04 | Build | House |
| 8:14 | Create | Villager (Male) |
| 8:37 | Create | Villager (Male) |
| 9:45 | Build | Mining Camp |
| 9:49 | Create | Villager (Male) |
| 9:51 | Create | Villager (Male) |
| 9:54 | Research | Feudal Age |
| 10:15 | Build | Farm |
| 10:24 | Build | Farm |
| 10:29 | Build | Farm |
| 10:32 | Build | Farm |
| 10:36 | Build | Farm |
| 11:36 | Build | House |
| 11:52 | Build | House |
| 13:04 | Build | Farm |
| 13:13 | Research | Wheelbarrow |
| 13:24 | Build | Blacksmith |
| 13:35 | Build | Market |
| 13:45 | Research | Double-Bit Axe |
| 13:47 | Research | Horse Collar |
| 14:05 | Build | Farm |
| 14:41 | Create | Villager (Male) |
| 14:45 | Create | Villager (Male) |
| 14:59 | Build | Farm |
| 15:02 | Build | Farm |
| 15:18 | Create | Villager (Male) |
| 15:24 | Build | Mining Camp |
| 15:33 | Research | Castle Age |
| 16:05 | Research | Stone Mining |
| 16:18 | Build | Barracks |
| 16:47 | Research | Gold Mining |
| 16:53 | Research | Scale Barding Armor |
| 17:52 | Build | Stable |
| 18:04 | Build | Stable |
| 18:39 | Create | Villager (Male) |
| 18:40 | Create | Villager (Male) |
| 18:43 | Build | Town Center |
| 18:49 | Research | Hand Cart |
| 19:01 | Build | Stone Wall |
| 19:08 | Build | Stone Wall |
| 19:16 | Create | Villager (Male) |
| 19:18 | Create | Villager (Male) |
| 19:29 | Create | Villager (Male) |
| 19:37 | Build | Siege Workshop |
| 19:51 | Create | Villager (Male) |
| 20:18 | Create | Villager (Male) |
| 20:18 | Create | Villager (Male) |
| 20:19 | Create | Villager (Male) |
| 20:37 | Create | Mangonel |
| 21:02 | Create | Villager (Male) |
| 21:03 | Create | Villager (Male) |
| 21:20 | Create | Villager (Male) |
| 21:45 | Build | Mining Camp |
| 21:48 | Create | Villager (Male) |
| 21:48 | Create | Villager (Male) |
| 21:50 | Create | Villager (Male) |
| 21:50 | Create | Villager (Male) |
| 22:01 | Build | House |
| 22:25 | Create | Villager (Male) |
| 22:35 | Build | House |
| 22:36 | Build | House |
| 22:40 | Create | Villager (Male) |
| 22:40 | Create | Villager (Male) |
| 22:50 | Build | Town Center |
| 23:00 | Create | Mangonel |
| 23:12 | Build | House |
| 23:15 | Build | House |
| 23:29 | Create | Villager (Male) |
| 23:30 | Create | Villager (Male) |
| 23:32 | Create | Villager (Male) |
| 23:34 | Create | Villager (Male) |
| 23:43 | Build | Farm |
| 24:27 | Build | Castle |
| 24:46 | Create | Villager (Male) |
| 24:48 | Create | Villager (Male) |
| 24:49 | Create | Villager (Male) |
| 24:51 | Create | Mangonel |
| 25:01 | Create | Villager (Male) |
| 25:03 | Create | Villager (Male) |
| 25:04 | Create | Villager (Male) |
| 25:07 | Build | Farm |
| 25:12 | Build | Farm |
| 25:21 | Build | Farm |
| 25:22 | Build | Farm |
| 25:23 | Build | Farm |
| 25:49 | Build | University |
| 26:03 | Create | Villager (Male) |
| 26:03 | Create | Villager (Male) |
| 26:04 | Create | Villager (Male) |
| 26:05 | Create | Villager (Male) |
| 26:06 | Create | Villager (Male) |
| 26:09 | Build | Farm |
| 26:11 | Build | Farm |
| 26:15 | Build | Farm |
| 26:37 | Build | Gate |
| 26:51 | Create | Mangonel |
| 26:56 | Build | Farm |
| 27:01 | Create | Villager (Male) |
| 27:02 | Create | Villager (Male) |
| 27:04 | Create | Villager (Male) |
| 27:19 | Build | Castle |
| 27:31 | Create | Villager (Male) |
| 27:34 | Create | Villager (Male) |
| 27:35 | Create | Villager (Male) |
| 27:41 | Create | Mangonel |
| 27:49 | Research | Ballistics |
| 28:02 | Build | Farm |
| 28:51 | Build | Farm |
| 28:52 | Build | Farm |
| 28:56 | Build | Farm |
| 28:58 | Build | Farm |
| 29:12 | Research | Imperial Age |
| 29:53 | Build | Stone Wall |
| 30:05 | Build | Stable |
| 30:07 | Build | Stable |
| 30:15 | Create | Villager (Male) |
| 30:17 | Create | Villager (Male) |
| 30:17 | Create | Villager (Male) |
| 30:26 | Build | Stone Wall |
| 30:31 | Build | Stone Wall |
| 30:37 | Build | Stone Wall |
Build order — Robert_Kan
First 150 of 630 actions detected
| 0:02 | Build | House |
| 0:04 | Build | House |
| 0:05 | Create | Villager (Male) |
| 0:05 | Create | Villager (Male) |
| 0:05 | Create | Villager (Male) |
| 0:05 | Create | Villager (Male) |
| 0:06 | Create | Villager (Male) |
| 0:06 | Create | Villager (Male) |
| 1:27 | Create | Villager (Male) |
| 1:28 | Create | Villager (Male) |
| 1:28 | Create | Villager (Male) |
| 2:05 | Create | Villager (Male) |
| 2:05 | Create | Villager (Male) |
| 2:05 | Create | Villager (Male) |
| 2:37 | Create | Villager (Male) |
| 2:37 | Create | Villager (Male) |
| 2:38 | Create | Villager (Male) |
| 2:51 | Create | Villager (Male) |
| 2:51 | Create | Villager (Male) |
| 2:52 | Create | Villager (Male) |
| 3:09 | Build | House |
| 3:11 | Build | House |
| 3:13 | Build | House |
| 3:20 | Create | Villager (Male) |
| 3:20 | Create | Villager (Male) |
| 3:21 | Create | Villager (Male) |
| 4:09 | Create | Villager (Male) |
| 4:10 | Create | Villager (Male) |
| 4:10 | Create | Villager (Male) |
| 4:10 | Create | Villager (Male) |
| 4:47 | Create | Villager (Male) |
| 4:47 | Create | Villager (Male) |
| 4:47 | Create | Villager (Male) |
| 5:02 | Build | Lumber Camp |
| 5:25 | Create | Villager (Male) |
| 5:26 | Create | Villager (Male) |
| 6:29 | Create | Villager (Male) |
| 6:31 | Create | Villager (Male) |
| 6:40 | Build | Mill |
| 6:52 | Create | Villager (Male) |
| 7:34 | Create | Villager (Male) |
| 7:35 | Create | Villager (Male) |
| 7:37 | Create | Villager (Male) |
| 7:37 | Create | Villager (Male) |
| 8:01 | Build | Mining Camp |
| 9:07 | Build | Mining Camp |
| 9:15 | Research | Feudal Age |
| 10:07 | Build | Farm |
| 10:08 | Build | Farm |
| 11:03 | Build | Barracks |
| 11:06 | Build | House |
| 11:23 | Create | Villager (Male) |
| 11:23 | Create | Villager (Male) |
| 11:44 | Age | Feudal Age |
| 12:08 | Build | Market |
| 12:14 | Create | Villager (Male) |
| 12:17 | Build | Farm |
| 12:41 | Create | Villager (Male) |
| 12:59 | Build | Blacksmith |
| 13:09 | Build | Blacksmith |
| 13:17 | Create | Villager (Male) |
| 13:36 | Create | Villager (Male) |
| 13:39 | Build | Farm |
| 13:40 | Build | Farm |
| 14:38 | Research | Castle Age |
| 14:38 | Research | Castle Age |
| 14:58 | Build | Lumber Camp |
| 15:06 | Research | Double-Bit Axe |
| 15:17 | Create | Spearman |
| 15:17 | Create | Spearman |
| 15:31 | Research | Horse Collar |
| 15:47 | Build | House |
| 16:33 | Research | Fletching |
| 16:40 | Create | Villager (Male) |
| 16:40 | Create | Villager (Male) |
| 17:00 | Build | Farm |
| 17:01 | Build | Farm |
| 17:03 | Build | Farm |
| 17:04 | Build | Farm |
| 17:18 | Age | Castle Age |
| 17:18 | Create | Villager (Male) |
| 17:47 | Build | Town Center |
| 18:15 | Build | Castle |
| 18:27 | Create | Villager (Male) |
| 18:28 | Create | Villager (Male) |
| 18:29 | Build | Farm |
| 18:30 | Build | Farm |
| 18:41 | Build | Palisade Gate |
| 18:49 | Build | Palisade Gate |
| 19:00 | Build | Palisade Gate |
| 19:12 | Build | Palisade Gate |
| 19:21 | Build | House |
| 19:30 | Create | Villager (Male) |
| 19:31 | Create | Villager (Male) |
| 19:31 | Create | Villager (Male) |
| 19:33 | Create | Villager (Male) |
| 19:34 | Create | Villager (Male) |
| 19:34 | Create | Villager (Male) |
| 19:36 | Build | Farm |
| 19:37 | Build | Farm |
| 19:38 | Build | Farm |
| 19:39 | Build | Farm |
| 19:41 | Build | Farm |
| 19:43 | Create | Villager (Male) |
| 20:01 | Build | House |
| 20:03 | Build | House |
| 20:04 | Build | House |
| 20:15 | Create | Genoese Crossbowman |
| 20:15 | Create | Genoese Crossbowman |
| 20:16 | Create | Genoese Crossbowman |
| 20:23 | Create | Villager (Male) |
| 20:46 | Create | Villager (Male) |
| 20:47 | Create | Villager (Male) |
| 21:09 | Build | Town Center |
| 21:28 | Build | Mining Camp |
| 21:36 | Create | Genoese Crossbowman |
| 21:36 | Create | Genoese Crossbowman |
| 21:43 | Create | Villager (Male) |
| 21:43 | Create | Villager (Male) |
| 21:55 | Create | Villager (Male) |
| 21:56 | Create | Villager (Male) |
| 22:14 | Build | Monastery |
| 22:20 | Create | Villager (Male) |
| 22:28 | Research | Loom |
| 22:38 | Create | Villager (Male) |
| 22:45 | Create | Villager (Male) |
| 22:48 | Build | Farm |
| 22:49 | Build | Farm |
| 22:50 | Build | Farm |
| 22:56 | Create | Monk |
| 22:57 | Create | Monk |
| 23:38 | Create | Villager (Male) |
| 23:38 | Create | Villager (Male) |
| 23:40 | Create | Villager (Male) |
| 23:40 | Create | Villager (Male) |
| 23:43 | Create | Villager (Male) |
| 23:43 | Create | Villager (Male) |
| 24:05 | Create | Villager (Male) |
| 24:09 | Build | House |
| 24:11 | Build | House |
| 24:12 | Build | House |
| 24:13 | Build | House |
| 24:14 | Build | House |
| 24:21 | Create | Villager (Male) |
| 24:22 | Create | Villager (Male) |
| 24:24 | Build | Farm |
| 24:25 | Build | Farm |
| 24:27 | Build | Farm |
| 24:29 | Build | Farm |
| 25:08 | Create | Villager (Male) |
Build order — 83716497273
First 150 of 421 actions detected
| 0:02 | Create | Villager (Male) ×4 |
| 0:04 | Build | House |
| 0:05 | Build | House |
| 1:30 | Create | Villager (Male) |
| 1:56 | Build | Lumber Camp |
| 2:03 | Create | Villager (Male) |
| 2:24 | Create | Villager (Male) |
| 2:25 | Create | Villager (Male) |
| 3:24 | Create | Villager (Male) |
| 3:24 | Create | Villager (Male) |
| 3:30 | Build | House |
| 3:58 | Build | Mining Camp |
| 4:08 | Build | Mill |
| 4:09 | Create | Villager (Male) |
| 4:21 | Create | Villager (Male) ×2 |
| 4:56 | Build | Mining Camp |
| 5:08 | Build | House |
| 5:28 | Create | Villager (Male) |
| 5:28 | Create | Villager (Male) |
| 5:29 | Create | Villager (Male) |
| 6:35 | Build | Farm |
| 6:37 | Create | Villager (Male) |
| 6:38 | Create | Villager (Male) |
| 6:40 | Build | Farm |
| 7:28 | Create | Villager (Male) |
| 7:28 | Create | Villager (Male) |
| 7:28 | Create | Villager (Male) |
| 8:27 | Research | Feudal Age |
| 9:37 | Build | House |
| 9:48 | Create | Villager (Male) |
| 9:49 | Create | Villager (Male) |
| 10:00 | Build | Farm |
| 10:59 | Age | Feudal Age |
| 11:01 | Build | Market |
| 11:03 | Build | Blacksmith |
| 11:50 | Research | Castle Age |
| 12:01 | Research | Double-Bit Axe |
| 12:09 | Build | Lumber Camp |
| 13:03 | Research | Horse Collar |
| 13:10 | Build | Farm |
| 13:11 | Build | Farm |
| 13:12 | Build | Farm |
| 14:29 | Create | Villager (Male) |
| 14:30 | Age | Castle Age |
| 14:33 | Build | Town Center |
| 14:45 | Build | Town Center |
| 14:50 | Create | Villager (Male) |
| 14:51 | Research | Bow Saw |
| 15:00 | Build | House |
| 15:03 | Build | Monastery |
| 15:22 | Create | Villager (Male) |
| 15:40 | Build | Farm |
| 15:47 | Create | Villager (Male) |
| 15:49 | Create | Villager (Male) |
| 15:59 | Build | House |
| 16:10 | Create | Villager (Male) |
| 16:12 | Build | Farm |
| 16:16 | Build | Farm |
| 16:18 | Create | Villager (Male) |
| 16:24 | Create | Monk |
| 16:29 | Create | Villager (Male) |
| 16:38 | Build | Farm |
| 16:40 | Build | Farm |
| 16:44 | Build | Farm |
| 16:49 | Build | House |
| 16:50 | Create | Villager (Male) |
| 16:52 | Build | Farm |
| 17:02 | Build | Farm |
| 17:03 | Build | Farm |
| 17:04 | Build | Farm |
| 17:05 | Build | Farm |
| 17:07 | Create | Villager (Male) |
| 17:21 | Build | House |
| 17:26 | Build | Farm |
| 17:29 | Create | Villager (Male) |
| 17:34 | Build | Farm |
| 17:39 | Build | Farm |
| 17:41 | Create | Villager (Male) |
| 17:44 | Build | Farm |
| 17:51 | Build | House |
| 18:01 | Create | Villager (Male) |
| 18:02 | Create | Villager (Male) |
| 18:14 | Create | Villager (Male) |
| 18:14 | Create | Villager (Male) |
| 18:32 | Build | Town Center |
| 18:35 | Build | House |
| 18:36 | Create | Villager (Male) ×3 |
| 19:04 | Build | House |
| 19:05 | Create | Villager (Male) ×3 |
| 19:10 | Build | University |
| 19:20 | Build | Farm |
| 19:20 | Build | Farm |
| 19:20 | Build | Farm |
| 19:20 | Build | Farm |
| 19:21 | Build | Farm |
| 19:21 | Build | Farm |
| 19:25 | Create | Villager (Male) ×2 |
| 19:33 | Create | Villager (Male) |
| 19:36 | Build | House |
| 19:44 | Create | Villager (Male) |
| 19:49 | Build | Lumber Camp |
| 19:56 | Create | Villager (Male) |
| 19:58 | Create | Villager (Male) |
| 20:01 | Build | Farm |
| 20:07 | Create | Villager (Male) |
| 20:08 | Build | House |
| 20:14 | Create | Monk |
| 20:19 | Create | Villager (Male) |
| 20:23 | Create | Villager (Male) |
| 20:32 | Build | Farm |
| 20:34 | Create | Villager (Male) |
| 20:34 | Create | Villager (Male) |
| 20:39 | Build | Farm |
| 20:40 | Build | Farm |
| 20:41 | Build | Farm |
| 20:42 | Build | Farm |
| 20:43 | Create | Villager (Male) |
| 20:47 | Build | House |
| 20:49 | Build | House |
| 20:51 | Create | Villager (Male) |
| 20:51 | Create | Villager (Male) |
| 21:01 | Build | Mill |
| 21:03 | Build | Farm |
| 21:04 | Build | Farm |
| 21:05 | Create | Villager (Male) ×2 |
| 21:24 | Build | Lumber Camp |
| 21:26 | Research | Wheelbarrow |
| 21:38 | Create | Villager (Male) ×4 |
| 21:46 | Build | House |
| 21:48 | Build | House |
| 21:48 | Build | House |
| 21:57 | Research | Treadmill Crane |
| 21:58 | Create | Villager (Male) ×4 |
| 22:09 | Build | Farm |
| 22:09 | Build | Farm |
| 22:19 | Build | Farm |
| 22:21 | Build | Farm |
| 22:23 | Create | Villager (Male) ×4 |
| 22:41 | Research | Fervor |
| 22:45 | Build | Farm |
| 22:53 | Build | House |
| 22:54 | Build | House |
| 23:04 | Build | Farm |
| 23:05 | Create | Villager (Male) |
| 23:06 | Create | Villager (Male) |
| 23:08 | Build | Farm |
| 23:09 | Build | Farm |
| 23:09 | Build | Farm |
| 23:09 | Build | Farm |
| 23:10 | Build | Farm |
Build order — jairo
First 150 of 962 actions detected
| 0:02 | Create | Villager (Male) |
| 0:03 | Create | Villager (Male) |
| 0:04 | Build | House |
| 0:06 | Build | House |
| 0:18 | Create | Villager (Male) |
| 0:18 | Create | Villager (Male) |
| 1:32 | Create | Villager (Male) |
| 1:32 | Create | Villager (Male) |
| 2:05 | Create | Villager (Male) |
| 2:06 | Create | Villager (Male) |
| 2:06 | Create | Villager (Male) |
| 2:46 | Create | Villager (Male) |
| 2:46 | Create | Villager (Male) |
| 2:47 | Create | Villager (Male) |
| 3:07 | Create | Villager (Male) |
| 3:07 | Create | Villager (Male) |
| 3:08 | Create | Villager (Male) |
| 3:31 | Build | House |
| 3:32 | Build | House |
| 4:15 | Create | Villager (Male) |
| 4:15 | Create | Villager (Male) |
| 4:15 | Create | Villager (Male) |
| 4:16 | Create | Villager (Male) |
| 4:18 | Create | Villager (Male) |
| 4:18 | Create | Villager (Male) |
| 4:19 | Create | Villager (Male) |
| 4:19 | Create | Villager (Male) |
| 4:43 | Create | Villager (Male) |
| 4:43 | Create | Villager (Male) |
| 4:44 | Create | Villager (Male) |
| 4:51 | Create | Villager (Male) |
| 4:52 | Create | Villager (Male) |
| 5:08 | Create | Villager (Male) |
| 5:08 | Create | Villager (Male) |
| 5:09 | Create | Villager (Male) |
| 6:09 | Build | Lumber Camp |
| 6:30 | Build | Mill |
| 6:32 | Create | Villager (Male) |
| 6:33 | Create | Villager (Male) |
| 6:33 | Create | Villager (Male) |
| 6:43 | Create | Villager (Male) |
| 6:43 | Create | Villager (Male) |
| 6:49 | Build | House |
| 7:21 | Create | Villager (Male) |
| 7:21 | Create | Villager (Male) |
| 7:33 | Create | Villager (Male) |
| 7:49 | Create | Villager (Male) |
| 7:56 | Create | Villager (Male) |
| 8:47 | Build | Mining Camp |
| 8:57 | Research | Feudal Age |
| 9:03 | Build | Pasture |
| 9:11 | Build | Pasture |
| 10:01 | Create | Villager (Male) |
| 10:26 | Build | Pasture |
| 10:35 | Build | House |
| 10:37 | Build | House |
| 10:46 | Create | Villager (Male) |
| 11:25 | Age | Feudal Age |
| 11:50 | Build | Market |
| 11:55 | Build | Blacksmith |
| 12:01 | Create | Villager (Male) |
| 12:06 | Build | Pasture |
| 12:16 | Create | Villager (Male) |
| 12:47 | Create | Villager (Male) |
| 12:54 | Build | Pasture |
| 12:56 | Create | Villager (Male) |
| 13:46 | Research | Castle Age |
| 14:05 | Research | Double-Bit Axe |
| 14:12 | Research | Tech 1014 |
| 14:13 | Research | Tech 1014 |
| 14:13 | Research | Tech 1014 |
| 14:21 | Research | Loom |
| 15:29 | Create | Villager (Male) |
| 16:26 | Age | Castle Age |
| 16:45 | Create | Villager (Male) |
| 16:51 | Build | Town Center |
| 16:56 | Create | Villager (Male) |
| 16:56 | Create | Villager (Male) |
| 17:10 | Build | Town Center |
| 17:13 | Create | Villager (Male) |
| 17:13 | Create | Villager (Male) |
| 17:19 | Build | Monastery |
| 17:21 | Create | Villager (Male) |
| 17:34 | Build | House |
| 17:36 | Build | House |
| 17:37 | Build | House |
| 17:41 | Research | Wheelbarrow |
| 17:43 | Research | Town Watch |
| 18:00 | Build | Pasture |
| 18:02 | Create | Monk |
| 18:03 | Create | Monk |
| 18:04 | Create | Monk |
| 18:04 | Create | Monk |
| 18:14 | Create | Villager (Male) |
| 18:15 | Create | Villager (Male) |
| 18:16 | Create | Villager (Male) |
| 18:20 | Build | Pasture |
| 18:26 | Create | Villager (Male) |
| 18:26 | Create | Villager (Male) |
| 18:43 | Create | Villager (Male) |
| 18:43 | Create | Villager (Male) |
| 18:55 | Build | House |
| 18:56 | Build | House |
| 18:57 | Build | House |
| 19:18 | Research | Bow Saw |
| 19:22 | Research | Tech 1013 |
| 19:27 | Create | Villager (Male) |
| 19:28 | Create | Villager (Male) |
| 19:29 | Create | Villager (Male) |
| 20:00 | Create | Villager (Male) |
| 20:02 | Create | Villager (Male) |
| 20:11 | Create | Villager (Male) |
| 20:22 | Build | Pasture |
| 20:24 | Build | Pasture |
| 20:46 | Build | Pasture |
| 20:49 | Build | Pasture |
| 20:55 | Build | Pasture |
| 21:08 | Build | Pasture |
| 21:15 | Build | House |
| 21:16 | Build | House |
| 21:17 | Build | House |
| 21:20 | Create | Villager (Male) |
| 21:20 | Create | Villager (Male) |
| 21:20 | Create | Villager (Male) |
| 21:21 | Create | Villager (Male) |
| 21:29 | Build | Pasture |
| 21:33 | Build | Pasture |
| 21:43 | Create | Monk |
| 21:51 | Create | Monk |
| 22:08 | Create | Villager (Male) |
| 22:08 | Create | Villager (Male) |
| 22:25 | Build | Pasture |
| 22:26 | Create | Villager (Male) |
| 22:35 | Create | Villager (Male) |
| 22:35 | Create | Villager (Male) |
| 22:35 | Create | Villager (Male) |
| 22:44 | Create | Villager (Male) |
| 22:48 | Build | House |
| 22:50 | Build | House |
| 22:51 | Build | House |
| 22:54 | Create | Villager (Male) |
| 23:02 | Create | Villager (Male) |
| 23:02 | Create | Villager (Male) |
| 23:10 | Build | Mining Camp |
| 23:15 | Create | Villager (Male) |
| 23:19 | Create | Villager (Male) |
| 23:19 | Create | Villager (Male) |
| 23:23 | Create | Villager (Male) |
| 23:23 | Create | Villager (Male) |
| 23:31 | Build | Pasture |
Match timeline
| 10:05 | Mar strong · age_up feudal |
| 10:55 | Garden_niu_ye_ye · age_up feudal |
| 10:59 | 83716497273 · age_up feudal |
| 11:03 | Robert_Kan · first_building Barracks |
| 11:25 | jairo · age_up feudal |
| 11:44 | Robert_Kan · age_up feudal |
| 12:30 | 1347398690 · age_up feudal |
| 13:52 | Mauroxtraceur · first_building Barracks |
| 14:29 | Mauroxtraceur · age_up feudal |
| 14:30 | 83716497273 · age_up castle |
| 14:31 | Robert_Kan · first_market_buy 100 food |
| 14:37 | Robert_Kan · first_market_sell 100 wood |
| 14:37 | 1347398690 · first_market_buy 100 food |
| 15:03 | 83716497273 · first_building Monastery |
| 15:31 | Mar strong · first_building Barracks |
| 15:41 | Garden_niu_ye_ye · first_building Barracks |
| 16:18 | Ericko04 · first_building Barracks |
| 16:26 | jairo · age_up castle |
| 16:54 | Garden_niu_ye_ye · first_building Stable |
| 17:12 | Mar strong · age_up castle |
| 17:18 | Robert_Kan · age_up castle |
| 17:19 | jairo · first_building Monastery |
| 17:26 | Mauroxtraceur · first_building Stable |
| 17:41 | 1347398690 · age_up castle |
| 17:46 | Mar strong · first_market_buy 100 wood |
| 17:52 | Ericko04 · first_building Stable |
| 17:52 | Garden_niu_ye_ye · first_building Archery Range |
| 17:58 | Garden_niu_ye_ye · age_up castle |
| 18:11 | Garden_niu_ye_ye · first_market_buy 100 wood |
| 18:15 | Robert_Kan · first_building Castle |
| 19:01 | Ericko04 · wall_segment Stone Wall x6 |
| 19:08 | Ericko04 · wall_segment Stone Wall x13 |
| 19:23 | Ericko04 · first_market_buy 100 wood |
| 19:37 | Ericko04 · first_building Siege Workshop |
| 20:13 | Mauroxtraceur · age_up castle |
| 21:04 | Mar strong · first_building Castle |
| 21:12 | Mauroxtraceur · first_market_buy 100 wood |
| 21:37 | 83716497273 · first_market_buy 100 food |
| 22:14 | Robert_Kan · first_building Monastery |
| 22:35 | Garden_niu_ye_ye · first_building Monastery |
| 23:13 | Mar strong · first_building Monastery |
| 23:51 | Mar strong · first_building Siege Workshop |
| 24:27 | Ericko04 · first_building Castle |
| 24:45 | Mauroxtraceur · first_building Siege Workshop |
| 25:25 | Garden_niu_ye_ye · first_building Siege Workshop |
| 25:32 | 83716497273 · first_building Siege Workshop |
| 26:09 | Robert_Kan · first_building Archery Range |
| 26:12 | 1347398690 · first_building Monastery |
| 26:13 | 83716497273 · first_building Barracks |
| 26:41 | 83716497273 · wall_segment Stone Wall x9 |
| 27:30 | Garden_niu_ye_ye · age_up imperial |
| 27:32 | Mauroxtraceur · first_building Castle |
| 27:32 | 83716497273 · age_up imperial |
| 27:50 | 83716497273 · first_building Castle |
| 28:40 | 83716497273 · wall_segment Stone Wall x10 |
| 28:52 | 1347398690 · first_building Barracks |
| 28:57 | 83716497273 · wall_segment Stone Wall x4 |
| 29:07 | Ericko04 · first_market_sell 100 wood |
| 29:17 | jairo · first_building Siege Workshop |
| 29:25 | jairo · first_building Castle |
| 29:48 | 1347398690 · first_market_sell 100 wood |
| 29:53 | Ericko04 · wall_segment Stone Wall x5 |
| 30:04 | Mar strong · first_building Stable |
| 30:10 | 1347398690 · first_building Castle |
| 30:10 | Robert_Kan · age_up imperial |
| 30:12 | jairo · age_up imperial |
| 30:15 | 1347398690 · first_building Archery Range |
| 30:26 | Ericko04 · wall_segment Stone Wall x5 |
| 30:31 | Ericko04 · wall_segment Stone Wall x6 |
| 30:37 | Ericko04 · wall_segment Stone Wall x1 |
| 31:11 | 1347398690 · first_building Stable |
| 31:58 | 1347398690 · age_up imperial |
| 32:16 | Ericko04 · wall_segment Stone Wall x7 |
| 32:20 | Robert_Kan · first_building Siege Workshop |
| 33:17 | Mar strong · first_building Archery Range |
| 33:49 | 83716497273 · first_market_sell 100 food |
| 35:03 | Garden_niu_ye_ye · first_building Castle |
| 35:35 | jairo · first_building Barracks |
| 36:35 | 1347398690 · first_building Siege Workshop |
| 37:05 | Robert_Kan · first_building Stable |
| 37:23 | Mar strong · wall_segment Stone Wall x6 |
| 40:32 | 83716497273 · wall_segment Stone Wall x1 |
| 40:32 | 83716497273 · wall_segment Stone Wall x1 |
| 41:39 | Mar strong · age_up imperial |
| 42:58 | Mar strong · wall_segment Stone Wall x7 |
| 44:14 | Mauroxtraceur · first_building Archery Range |
| 44:30 | Mar strong · resign |
| 44:33 | Ericko04 · first_building Monastery |
| 47:14 | Mauroxtraceur · age_up imperial |
| 48:45 | Mauroxtraceur · wall_segment Stone Wall x5 |
| 48:53 | Mauroxtraceur · wall_segment Stone Wall x8 |
| 49:13 | jairo · first_building Archery Range |
| 50:30 | jairo · first_building Stable |
| 59:56 | Garden_niu_ye_ye · tribute_sent a jugador 2 |
| 59:56 | Garden_niu_ye_ye · tribute_sent a jugador 3 |
| 59:56 | Garden_niu_ye_ye · tribute_sent a jugador 4 |
| 59:56 | Garden_niu_ye_ye · tribute_sent a jugador 5 |
| 59:56 | Garden_niu_ye_ye · tribute_sent a jugador 6 |
| 59:56 | Garden_niu_ye_ye · tribute_sent a jugador 7 |
| 59:56 | Garden_niu_ye_ye · tribute_sent a jugador 8 |
| 61:27 | Mauroxtraceur · first_market_sell 100 food |
| 61:28 | Garden_niu_ye_ye · first_market_sell 500 wood |
[ AI ANALYSIS · 1 CREDIT ]
What really happened in this match?
Wolo.gg analyzes every decision: build order, eco, micro, common mistakes by bracket. Personalized analysis on WhatsApp or Discord in 30 seconds.
Civ guide
Bohemians
Perfil
Jugador #11965615